[Event "XXII Rochefort Chess Masters"]
[Site "ROCHEFORT, France"]
[Date "2024.02.17"]
[Round "1.1"]
[White "Vigneau-Zorraquino, Cioran"]
[Black "Romanov, Evgeny"]
[Result "0-1"]
[TimeControl "1h30/40 - 30' + [30'']"]
[WhiteElo "2054"]
[BlackElo "2593"]

1. e4 c5 2. Nf3 e6 3. d4 cxd4 4. Nxd4 a6 5. Nc3 b5 6. Bd3 Bb7 7. O-O Nc6 8. Nxc6 Bxc6 9. a3 Qb8 10.
f4 Qb7 11. Qe2 Bc5+ 12. Be3 Bxe3+ 13. Qxe3 Ne7 14. Rae1 O-O 15. Qh3 f6 16. Nd5 Rf7 17. Nb4 Qb6+ 18. Qe3 Qxe3+ 19. Rxe3 Bb7 20.
c4 a5 21. Na2 bxc4 22. Bxc4 f5 23. e5 g5 24. fxg5 Rc8 25. b3 Rg7 26. Rd1 Nd5 27. Bxd5 Bxd5 28. Nc3 Bxb3 29. Rd4 Rxg5 30.
Rxd7 f4 31. Rh3 Bc2 32. Ne2 Rf8 33. Nd4 Be4 34. g3 f3 35. Kf2 Rxe5 36. g4 Rc5 37. Nxe6 Rc2+ 38. Ke3 Re2+ 39. Kd4 0-1

[Event "XXII Rochefort Chess Masters"]
[Site "ROCHEFORT, France"]
[Date "2024.02.17"]
[Round "1.4"]
[White "Roshka, Yevgeniy"]
[Black "Charles, Simon"]
[Result "1-0"]
[TimeControl "1h30/40 - 30' + [30'']"]
[WhiteElo "2474"]
[BlackElo "2027"]

1. d4 Nf6 2. c4 c5 3. d5 e6 4. Nc3 exd5 5. cxd5 d6 6. Nf3 g6 7. Nd2 Bg7 8. Nc4 O-O 9. Bf4 Ne8 10.
e3 g5 11. Bg3 f5 12. Qd2 a6 13. a4 Qf6 14. h4 Nd7 15. hxg5 Qxg5 16. Nxd6 f4 17. Bxf4 Rxf4 18. Nxe8 Rb4 19.
Rh3 Nf6 20. Rg3 Rg4 21. Rxg4 Bxg4 22. Nxg7 Kxg7 23. f3 Bd7 24. e4 Qg3+ 25. Qf2 Qf4 26. Ne2 Qh6 27. Qg3+ Kf7 28. Qf4 1-0

[Event "XXII Rochefort Chess Masters"]
[Site "ROCHEFORT, France"]
[Date "2024.02.17"]
[Round "1.2"]
[White "Laurent-Paoli, Pierre"]
[Black "Serrier, Mathis"]
[Result "1-0"]
[TimeControl "1h30/40 - 30' + [30'']"]
[WhiteElo "2537"]
[BlackElo "2049"]

1. d4 Nf6 2. c4 c5 3. d5 e6 4. Nc3 exd5 5. cxd5 d6 6. e4 g6 7. f4 Bg7 8. Bb5+ Nfd7 9. Be2 O-O 10.
Nf3 Re8 11. O-O f5 12. e5 dxe5 13. d6 e4 14. Bc4+ Kh8 15. Ng5 Bxc3 16. bxc3 Qf6 17. Qe1 h6 18. Be3 hxg5 19. fxg5 Qg7 20.
Rf4 Nf8 21. Rh4+ Nh7 22. Bxc5 Nc6 23. Bd5 Re5 24. Rd1 Be6 25. c4 Kg8 26. Be3 Qf7 27. Bxc6 Bxc4 28. Qc3 Qe6 29. Bd7 Qxd7 30.
Qxe5 Re8 31. Qd4 b5 32. Bc1 Qg7 33. Qxg7+ Kxg7 34. d7 Rd8 35. Bb2+ Kg8 36. Rxh7 Kxh7 37. Bf6 1-0

[Event "XXII Rochefort Chess Masters"]
[Site "ROCHEFORT, France"]
[Date "2024.02.17"]
[Round "1.5"]
[White "Belluire, Beatrice"]
[Black "Droin, Augustin"]
[Result "1/2-1/2"]
[TimeControl "1h30/40 - 30' + [30'']"]
[WhiteElo "2026"]
[BlackElo "2471"]

1. e4 c5 2. Nf3 d6 3. Bb5+ Nd7 4. a4 Ngf6 5. Nc3 g6 6. a5 Bg7 7. O-O a6 8. Be2 O-O 9. d3 b5 10.
axb6 Bb7 11. h3 Qxb6 12. Be3 d5 13. exd5 Nxd5 14. Nxd5 Bxd5 15. d4 c4 16. Qd2 Rfb8 17. Qa5 Qc6 18.
Qc3 e6 19. Rfb1 Bf8 20. Bf4 Rb6 21. Qe3 Ra7 22. Bh6 Bxh6 23. Qxh6 Rab7 24. Qc1 Rb8 25. Ra3 Qb7 26. Rc3 Rb4 27.
Bf1 Nb6 28. Ne5 f6 29. Ng4 f5 30. Nf6+ Kg7 31. Nxd5 Qxd5 32. Qg5 Qd6 33. h4 h6 34. Qd2 e5 35. d5 Qxd5 36. Qxd5 Nxd5 37.
Rxc4 Rxc4 38. Bxc4 Nc3 39. Ra1 Rxb2 40. Rxa6 Rxc2 41. Ra7+ Kf8 42. h5 Rc1+ 43. Kh2 Ne4 44. Ba2 gxh5 45. Rf7+ Ke8 46. Rxf5 Rc5 47. f3 Ng5 48.
f4 Ne4 49. Rxe5+ Rxe5 50. fxe5 Nf2 51. Kg3 Nd3 52. Kh4 Nxe5 53. Kxh5 Ke7 54. Kxh6 Kf6 55. Bb1 Nf7 56. Kh5 Ng5 57.
Bc2 Ne6 58. g3 Ng5 59. g4 Nf3 60. Be4 Ng5 61. Bd5 Nh3 62. Kh4 Ng5 63. Bc6 Nf7 64. Bb5 1/2-1/2



[ePGN "0.1;DGT LiveChess/2.2.6"]

[Event "XXII Rochefort Chess Masters"]
[Site "ROCHEFORT, France"]
[Date "2024.02.18"]
[Round "2.2"]
[White "Filip, Andrei"]
[Black "Laurent-Paoli, Pierre"]
[Result "0-1"]
[TimeControl "1h30/40 - 30' + [30'']"]
[WhiteElo "2261"]
[BlackElo "2537"]

1. e4 c6 2. d4 d5 3. e5 Bf5 4. h4 h6 5. c4 e6 6. Nc3 Ne7 7. Nge2 Nd7 8. Be3 dxc4 9. Ng3 b5 10.
a4 a6 11. Qf3 Bh7 12. Be2 Nd5 13. Nce4 f5 14. Nd2 Bb4 15. Nh5 Qe7 16. axb5 cxb5 17. Nf4 N7b6 18. g4 fxg4 19. Qxg4 Nxf4 20.
Bxf4 Nd5 21. Bf3 Bf5 22. Qg3 a5 23. Rg1 O-O-O 24. Bxd5 Rxd5 0-1

[Event "XXII Rochefort Chess Masters"]
[Site "ROCHEFORT, France"]
[Date "2024.02.18"]
[Round "2.5"]
[White "Babaud, Antoine"]
[Black "Larkin, Vladyslav"]
[Result "1/2-1/2"]
[TimeControl "1h30/40 - 30' + [30'']"]
[WhiteElo "2148"]
[BlackElo "2460"]

1. d4 d6 2. Nf3 Bg4 3. c4 g6 4. Nc3 Bg7 5. e3 Nc6 6. Be2 Nf6 7. h3 Bd7 8. e4 e5 9. Be3 exd4 10.
Nxd4 O-O 11. Qd2 Re8 12. Nxc6 bxc6 13. Bd3 c5 14. O-O Bc6 15. Qc2 Rb8 16. Rae1 Qe7 17. Bd2 h5 18. b3 h4 19.
Nd5 Qd7 20. Bg5 Bxd5 21. exd5 Nh5 22. Bxh4 Bd4 23. Kh2 Be5+ 24. Kg1 Bd4 25. Be2 Ng7 26. Bg4 f5 27. Bf3 Kf7 28. Bg5 Re5 29.
Bf4 Re7 30. Rxe7+ Qxe7 31. Bd2 Qh4 32. Bc3 Re8 33. Rd1 Bf6 34. Qd2 Re7 35. Bxf6 Qxf6 36. Re1 Ne8 37. Rxe7+ Kxe7 38. Qa5 Qa1+ 39.
Kh2 Qb2 40. Qxa7 Qxf2 41. Qa5 Qe3 42. Kh1 1/2-1/2

[Event "XXII Rochefort Chess Masters"]
[Site "ROCHEFORT, France"]
[Date "2024.02.18"]
[Round "2.4"]
[White "Marie, Maxime"]
[Black "Roshka, Yevgeniy"]
[Result "1-0"]
[TimeControl "1h30/40 - 30' + [30'']"]
[WhiteElo "2193"]
[BlackElo "2474"]

1. c4 e6 2. Nf3 d5 3. e3 Nf6 4. b3 c5 5. Bb2 Nc6 6. cxd5 exd5 7. d4 cxd4 8. Nxd4 Bb4+ 9. Bc3 Bd6 10.
Nd2 O-O 11. Be2 Re8 12. O-O Bd7 13. N2f3 Rc8 14. Nb5 Bb8 15. Bb2 a6 16. Nc3 Bg4 17. Rc1 Qd6 18. g3 Ba7 19. Nd4 Bh3 20.
Re1 Nxd4 21. exd4 Qb4 22. Bf1 Bg4 23. Nxd5 Bxd1 24. Rxe8+ Nxe8 25. Rxc8 Qe1 26. Nc7 Kf8 27. Ba3+ Kg8 28.
Rxe8+ Qxe8 29. Nxe8 Bxd4 30. Nd6 b5 31. Bg2 Bc2 32. Be4 Bd1 33. Bb7 Bc3 34. Bxa6 b4 35. Ne4 Be1 36. Kf1 bxa3 37.
Kxe1 Bxb3 38. Nc3 Be6 39. Bd3 g5 40. Bc2 Kg7 41. Kd2 Kf6 42. Bxh7 Ke5 43. Bb1 Bc4 44. Ke3 g4 45. Bd3 Be6 46.
Nb5 Bxa2 47. Nxa3 Be6 48. Bc4 1-0

[Event "XXII Rochefort Chess Masters"]
[Site "ROCHEFORT, France"]
[Date "2024.02.18"]
[Round "2.3"]
[White "Sivuk, Vitaly"]
[Black "Bosc, Seraphina"]
[Result "1-0"]
[TimeControl "1h30/40 - 30' + [30'']"]
[WhiteElo "2520"]
[BlackElo "2200"]

1. d4 e6 2. c4 d5 3. Nc3 Nf6 4. cxd5 exd5 5. Bg5 c6 6. e3 Be7 7. Bd3 O-O 8. Qc2 h6 9. Bf4 Bd6 10.
Bxd6 Qxd6 11. Nf3 Nbd7 12. O-O Re8 13. Rab1 a5 14. a3 Qe7 15. Nd2 Qd6 16. Rfc1 h5 17. h3 g5 18. e4 dxe4 19.
Ncxe4 Qxd4 20. Nf3 Qd5 21. Nfxg5 Nxe4 22. Nxe4 Kg7 23. Qc3+ Qe5 24. Nd6 Re6 25. Nf5+ Kf8 26. Qc2 Nf6 27.
f4 Qxf4 28. Qc5+ Kg8 29. Rf1 Qe5 30. Qf2 Nh7 31. Nd4 Re7 32. Rbe1 Qc7 33. Bxh7+ Kxh7 34. Qh4 Rxe1 35. Qxh5+ Kg7 36.
Qg5+ Kh7 37. Rxe1 Qd6 38. Re4 Qg6 39. Rh4+ Kg7 40. Qe5+ f6 41. Qe7+ Kg8 42. Qd8+ Kf7 43. Rh8 1-0

[Event "XXII Rochefort Chess Masters"]
[Site "ROCHEFORT, France"]
[Date "2024.02.18"]
[Round "2.1"]
[White "Romanov, Evgeny"]
[Black "Pichon, Ewen"]
[Result "1-0"]
[TimeControl "1h30/40 - 30' + [30'']"]
[WhiteElo "2593"]
[BlackElo "2238"]

1. c4 Nf6 2. Nc3 e6 3. e4 d5 4. e5 d4 5. exf6 dxc3 6. bxc3 Qxf6 7. Nf3 e5 8. d4 exd4 9. Bg5 Qe6+ 10.
Be2 Be7 11. cxd4 Bxg5 12. Nxg5 Qe7 13. Qd2 h6 14. Nf3 O-O 15. O-O b6 16. Rfe1 Bb7 17. Qf4 Qd6 18. Qxd6 cxd6 19. d5 Nd7 20.
Nd4 Nf6 21. a4 Bc8 22. Nb5 Rd8 23. f3 a6 24. Nd4 Bd7 25. Reb1 Rdb8 26. Rb2 a5 27. Nc6 Rb7 28. Rab1 Bxc6 29.
dxc6 Rc7 30. Rxb6 Rac8 31. R1b5 Rxc6 32. Rxc6 Rxc6 33. Rxa5 Nd7 34. Ra8+ Kh7 35. a5 Nc5 36. Kf2 Kg6 37.
Ke3 Kf6 38. f4 Ne6 39. g3 g5 40. fxg5+ hxg5 41. Kd3 Ke5 42. Bf3 Rc5 43. Bb7 f5 44. a6 Ra5 45. a7 Nc7 46. Rc8 Rxa7 47.
Rxc7 Ra3+ 48. Kc2 Kd4 49. Rf7 Ra2+ 50. Kb3 Rf2 51. h4 gxh4 52. gxh4 Ke5 53. h5 Rh2 54. Rh7 f4 55. h6 Kd4 56.
Rf7 Rxh6 57. Rxf4+ Kc5 58. Rf5+ Kb6 59. Rb5+ Kc7 60. Bd5 1-0



[ePGN "0.1;DGT LiveChess/2.2.6"]

[Event "XXII Rochefort Chess Masters"]
[Site "ROCHEFORT, France"]
[Date "2024.02.18"]
[Round "3.1"]
[White "Colin, Vincent"]
[Black "Romanov, Evgeny"]
[Result "0-1"]
[TimeControl "1h30/40 - 30' + [30'']"]
[WhiteElo "2313"]
[BlackElo "2593"]

1. d4 Nf6 2. Nc3 d5 3. Bf4 a6 4. f3 b5 5. a3 c5 6. e3 cxd4 7. exd4 Nc6 8. g4 e6 9. h4 b4 10.
axb4 Bxb4 11. h5 h6 12. Bb5 Bd7 13. Ba4 Nh7 14. Nh3 Na5 15. Bxd7+ Qxd7 16. O-O Bxc3 17. bxc3 Nc4 18. Qe1 O-O 19.
Qg3 f6 20. Bc1 e5 21. Nf2 a5 22. Nd3 Rfe8 23. Nc5 Qc6 24. f4 exf4 25. Bxf4 a4 26. Nd3 Ng5 27. Nb4 Qd7 28. Bxg5 hxg5 29.
Rfe1 Re4 30. Rxe4 dxe4 31. Qg2 Re8 32. Re1 e3 33. Nd3 a3 34. Nc5 Qd6 35. Nb7 Qf4 36. Rf1 e2 37. Rxf4 gxf4 0-1

[Event "XXII Rochefort Chess Masters"]
[Site "ROCHEFORT, France"]
[Date "2024.02.18"]
[Round "3.2"]
[White "Laurent-Paoli, Pierre"]
[Black "Mekhane, Adam"]
[Result "1-0"]
[TimeControl "1h30/40 - 30' + [30'']"]
[WhiteElo "2537"]
[BlackElo "2300"]

1. d4 Nf6 2. c4 e6 3. Nc3 Bb4 4. e3 O-O 5. a3 Bxc3+ 6. bxc3 c5 7. Bd3 Nc6 8. Rb1 d6 9. Ne2 b6 10.
e4 e5 11. d5 Ne7 12. f3 Ne8 13.
g4 g6 14. Ng3 f5 15. exf5 gxf5 16. Bg5 Ng7 17. Qc2 Qe8 18. O-O Qf7 19. Bxe7 Qxe7 20. gxf5 h5 21. Kh1 h4 22. Ne4 Bxf5 23.
Rg1 Kh8 24. Qd2 Bh7 25. Ng5 Bxd3 26. Qxd3 Rf5 27. Qe4 Qxg5 28. Rxg5 Rxg5 29. Qxh4+ Rh5 30. Qf6 Rg8 31. Rg1 Kh7 32. Qg6+ Kh8 33. Qxd6 1-0

[Event "XXII Rochefort Chess Masters"]
[Site "ROCHEFORT, France"]
[Date "2024.02.18"]
[Round "3.5"]
[White "Eugene, Floryan"]
[Black "Marie, Maxime"]
[Result "1-0"]
[TimeControl "1h30/40 - 30' + [30'']"]
[WhiteElo "2404"]
[BlackElo "2193"]

1. e4 c6 2. d4 d5 3. exd5 cxd5 4. Bf4 g6 5. Nc3 a6 6. Qd2 Nc6 7. Nf3 f6 8. h3 Bg7 9. O-O-O b5 10.
Kb1 e6 11. g4 Nge7 12. Bh6 O-O 13. Bg2 Bd7 14. h4 Nc8 15. Bxg7 Kxg7 16. g5 Nd6 17. h5 Nc4 18. Qc1 fxg5 19.
Nxg5 h6 20. Nf7 Kxf7 21. hxg6+ Ke7 22. Qxh6 Nb4 23. g7 Rg8 24. Bxd5 Nxd5 25. Nxd5+ Kd6 26. Nf6 Qa5 27. Qf4+ Kc6 28.
d5+ Kb7 29. Nxd7 Qb4 30. Qd4 Rac8 31. Ka1 exd5 32. Rh6 Rge8 33. Qxd5+ Ka7 34. Qd4+ Kb7 35. Rb6+ Kc7 36. g8=Q Rxg8 37.
Qf4+ Kd8 38. Nc5+ 1-0

[Event "XXII Rochefort Chess Masters"]
[Site "ROCHEFORT, France"]
[Date "2024.02.18"]
[Round "3.4"]
[White "Boyer, Mahel"]
[Black "Favarel, Julien"]
[Result "1-0"]
[TimeControl "1h30/40 - 30' + [30'']"]
[WhiteElo "2418"]
[BlackElo "2294"]

1. d4 Nf6 2. c4 g6 3. g3 Bg7 4. Bg2 O-O 5. Nc3 d6 6. Nf3 c5 7. O-O Nc6 8. dxc5 dxc5 9. Qb3 Na5 10.
Qa3 b6 11. Rd1 Qe8 12. b3 Bb7 13. Bb2 Rd8 14. Nb5 a6 15. Nc7 Qc6 16. Be5 Qe4 17. Qb2 Nc6 18. Nd5 Nd4 19. Nxe7+ Kh8 20.
Nd5 Bxd5 21. cxd5 Nxe2+ 22. Kh1 Nd4 23. Re1 Qg4 24. Nxd4 cxd4 25. h3 Qf5 26. Qxd4 Rfe8 27. Rad1 Rxe5 28.
Rxe5 Ng4 29. Rxf5 1-0



[ePGN "0.1;DGT LiveChess/2.2.6"]

[Event "XXII Rochefort Chess Masters"]
[Site "ROCHEFORT, France"]
[Date "2024.02.19"]
[Round "4.1"]
[White "Romanov, Evgeny"]
[Black "Boyer, Mahel"]
[Result "1-0"]
[TimeControl "1h30/40 - 30' + [30'']"]
[WhiteElo "2593"]
[BlackElo "2418"]

1. c4 e6 2. Nc3 d5 3. d4 a6 4.
cxd5 exd5 5. Qb3 c5 6. Nxd5 Nc6 7. Bg5 f6 8. Be3 cxd4 9. Bd2 Na5 10. Qa4+ Nc6 11. e4 dxe3 12. Nxe3 Qd4 13.
Qb3 Bb4 14. Rd1 Nge7 15. Bc4 Bxd2+ 16. Rxd2 Qc5 17. Nf3 b5 18. Bf7+ Kf8 19. O-O g6 20. Bd5 Bb7 21. Bxc6 Bxc6 22.
Qe6 Kg7 23. Rd6 Rhe8 24. Qxf6+ Kg8 25. Ng5 1-0

[Event "XXII Rochefort Chess Masters"]
[Site "ROCHEFORT, France"]
[Date "2024.02.19"]
[Round "4.4"]
[White "Grimault, Nathan"]
[Black "Droin, Augustin"]
[Result "0-1"]
[TimeControl "1h30/40 - 30' + [30'']"]
[WhiteElo "2094"]
[BlackElo "2471"]

1. d4 d5 2. c4 dxc4 3. e4 e5 4.
Nf3 exd4 5. Bxc4 Nc6 6. O-O Be6 7. Bb5 Qd6 8. Qxd4 a6 9. Qa4 O-O-O 10. Be2 Nd4 11. Nxd4 Qxd4 12. Qc2 Nf6 13.
Nc3 Bd6 14. Be3 Qb4 15. Rac1 h5 16. a3 Qb3 17. Qb1 Ng4 18. Bxg4 hxg4 19. g3 Rh5 20. Ne2 Rdh8 21. h4 gxh3 22.
Kh2 Bg4 23. Rc3 Qa4 24. Nf4 Re5 25. f3 Be6 26. Qd3 Kb8 27. Rfc1 Rd8 28. b4 a5 29. Rc5 Rxc5 30. Rxc5 axb4 31.
axb4 Be7 32. Ra5 Rxd3 33. Ba7+ Kc8 34. Rxa4 Rd2+ 35. Kh1 b6 36. Bxb6 cxb6 37. Ra7 Bxb4 0-1

[Event "XXII Rochefort Chess Masters"]
[Site "ROCHEFORT, France"]
[Date "2024.02.19"]
[Round "4.5"]
[White "Mullon, Jean-Baptiste"]
[Black "Morais, Thomas"]
[Result "1-0"]
[TimeControl "1h30/40 - 30' + [30'']"]
[WhiteElo "2304"]
[BlackElo "2014"]

1. e4 c5 2. Nf3 e6 3. c3 d5 4. exd5 Qxd5 5. d4 Nf6 6. Be2 Nc6 7. O-O Be7 8. dxc5 Qxd1 9. Rxd1 Bxc5 10.
b4 Bb6 11. b5 Ne7 12. Nbd2 Ned5 13. Bb2 O-O 14. Ne5 Rd8 15. Bf3 Nd7 16. Nd3 Nc5 17. Nxc5 Bxc5 18. Nb3 Be7 19. c4 Nb6 20.
Na5 Rxd1+ 21. Rxd1 a6 22. Bd4 Nd7 23. b6 Rb8 24. c5 e5 25. Be3 Kf8 26. c6 bxc6 27. Nxc6 Rxb6 28. Bxb6 Nxb6 29.
Nxe5 Be6 30. Rb1 Bc5 31. Be2 Ke7 32. Bxa6 Bxa2 33. Rc1 Kd6 34. Nc4+ Bxc4 35. Bxc4 Nxc4 36. Rxc4 Kd5 37. Ra4 Ke6 38.
Kf1 f6 39. Ke2 Kf7 40. f3 Bd6 41. h3 Kg6 42. Ke3 Kf5 43. Ra5+ Kg6 44. Ke4 h5 45. Ra6 Be5 46. f4 Bc3 47.
Rc6 Bb2 48. Rc2 Ba3 49. Rc7 Bb4 50. f5+ Kh6 51. Kd5 Bd2 52. Ke6 Kh7 53. Rc8 h4 54. Rc4 Bg5 55. Kf7 Kh6 56. Re4 Kh7 57.
Rg4 Kh6 58. Ra4 Kh7 59. Ra8 Bf4 60. Ra4 Bg5 61. Rg4 Kh6 62. g3 1-0

[Event "XXII Rochefort Chess Masters"]
[Site "ROCHEFORT, France"]
[Date "2024.02.19"]
[Round "4.2"]
[White "Sivuk, Vitaly"]
[Black "Laurent-Paoli, Pierre"]
[Result "1/2-1/2"]
[TimeControl "1h30/40 - 30' + [30'']"]
[WhiteElo "2520"]
[BlackElo "2537"]

1. d4 Nf6 2. c4 e6 3. Nf3 d5 4. Nc3 Bb4 5. e3 O-O 6. Bd2 Nbd7 7. a3 Be7 8. Qc2 dxc4 9. Bxc4 c5 10.
O-O a6 11. dxc5 Nxc5 12. b4 Ncd7 13. Nd4 Ne5 14. Be2 Bd7 15. f4 Nc6 16. Nf3 Rc8 17. Rac1 b5 18. Qb1 Qb6 19. Ng5 Nd4 20.
Bd3 Nf5 21. Kh1 h6 22. e4 Ne3 23. Bxe3 Qxe3 24. e5 hxg5 25. exf6 gxf6 26. Nd5 Rxc1 27. Nxe7+ Kg7 28. Qxc1 Qxc1 29.
Rxc1 Re8 30. Ng6 fxg6 31. Rc7 Rd8 32. fxg5 fxg5 33. Kg1 Kf6 34. Be4 Be8 35. Kf2 Rd6 36. Ke3 Ke5 37. Rc8 Bd7 38.
Rg8 Bc6 39. Bc2 Bxg2 40. Rxg6 Bh3 41. Rxg5+ Bf5 42. h4 Rc6 43. Bxf5 exf5 44. h5 Rc3+ 45. Kf2 Rxa3 46. h6 Rh3 47.
Rg6 Kd5 48. Rxa6 Kc4 49. Kg2 Rh5 50. Kg3 Kxb4 51. Kf4 Kc5 52. Rf6 Kc4 53. Rc6+ Kb3 54. Rg6 b4 55. Ke5 Kc4 56. Kf6 b3 57.
Kg7 b2 58. Rb6 Kc3 59. Rc6+ Kd2 60. Rd6+ Kc1 61. Rc6+ Kb1 62. h7 Rxh7+ 63. Kxh7 f4 64. Rf6 f3 65. Rxf3 Ka2 66. Rf2 Ka1 67.
Rxb2 Kxb2 1/2-1/2



[ePGN "0.1;DGT LiveChess/2.2.6"]

[Event "XXII Rochefort Chess Masters"]
[Site "ROCHEFORT, France"]
[Date "2024.02.20"]
[Round "5.2"]
[White "Eugene, Floryan"]
[Black "Sivuk, Vitaly"]
[Result "0-1"]
[TimeControl "1h30/40 - 30' + [30'']"]
[WhiteElo "2404"]
[BlackElo "2520"]

1. e4 e5 2. Nf3 Nc6 3. Bc4 Nf6 4. d3 Bc5 5. O-O d6 6. c3 a5 7. Re1 Ba7 8.
Nbd2 O-O 9. h3 Be6 10. Bb5 Ne7 11. d4 Ng6 12. Ba4 Nh5 13.
Nf1 Nhf4 14. Ng3 exd4 15. Nxd4 Bxd4 16. Qxd4 Nxg2 17. Kxg2 Nh4+ 18. Kh1 Nf3 19. Qe3 Nxe1 20. Bd2 f5 21. Qxe1 Qh4 22. Kg1 f4 23. Nf5 Qxh3 24. Qf1 Bxf5 25. exf5 Qxf5 26. Qg2 c6 27. Rc1 Qd3 28. f3 Rae8 29. Bc2 Qb5 30. Qh2 g6 31. Bxf4 d5 32. Bxg6 hxg6 33. Be5 Rxe5 34. Qxe5 Qxb2 35. Qg5 Kg7 36. Qe5+ Rf6 37. Qe7+ Rf7 38.
Qe5+ Kh7 39. Rd1 Rxf3 40. Qe7+ Kh6 41. Qh4+ Kg7 42. Re1 Qxc3 43. Re8 Qa1+ 44. Kh2 Qxa2+ 45. Kg1 Qa1+ 46. Kh2 Qb2+ 47. Kg1 Qc1+ 48.
Re1 Qf4 0-1

[Event "XXII Rochefort Chess Masters"]
[Site "ROCHEFORT, France"]
[Date "2024.02.20"]
[Round "5.1"]
[White "Laurent-Paoli, Pierre"]
[Black "Romanov, Evgeny"]
[Result "1/2-1/2"]
[TimeControl "1h30/40 - 30' + [30'']"]
[WhiteElo "2537"]
[BlackElo "2593"]

1. e4 e5 2. Nf3 Nc6 3. Bb5 Nge7 4. O-O Ng6 5. d4 Nxd4 6. Nxd4 exd4 7. Qxd4 c6 8. Be2 Qb6 9. Qc3 Qc5 10. Qd3 Qd6 11. f4 Qxd3 12. cxd3 Bc5+ 13. Kh1 f5 14.
Nd2 O-O 15. Nb3 Bb6 16. exf5 Rxf5 17. g4 Rf7 18.
f5 Nf8 19. Bf4 d5 20. d4 h5 21. h3 hxg4 22. hxg4 g6 23.
fxg6 Nxg6 24. Bh6 Be6 25. Bd3 Nh4 26. Rae1 Rxf1+ 27. Rxf1 Bf7 28. Bg5 Bg6 29. Bxg6 Nxg6 30. Rf6 Kg7 31. Rd6 Rf8 32. Rd7+ Rf7 33. Rxf7+ Kxf7 34. Kg2 Nf8 35. Kf3 Ne6 36. Be3 Bd8 37. Ke2 b6 1/2-1/2

[Event "XXII Rochefort Chess Masters"]
[Site "ROCHEFORT, France"]
[Date "2024.02.20"]
[Round "5.5"]
[White "Larkin, Vladyslav"]
[Black "Mekhane, Adam"]
[Result "1-0"]
[TimeControl "1h30/40 - 30' + [30'']"]
[WhiteElo "2460"]
[BlackElo "2300"]

1. c4 e5 2. Nc3 Bb4 3. Qb3 a5 4. Nf3 d6 5. Na4 Nd7 6. a3 Bc5 7. Qc2 Ba7 8. b4 axb4 9. axb4 b5 10. cxb5 Bb7 11. Bb2 Nb6 12. e3 Nxa4 13. Rxa4 Bb6 14. Rxa8 Qxa8 15. Be2 Nf6 16. O-O O-O 17. Ra1 Qc8 18. d4 e4 19.
Nd2 Bd5 20. Nc4 Bxc4 21. Qxc4 d5 22. Qc6 h5 23. Bc3 Qf5 24. Be1 g5 25. h3 Kg7 26. Ra8 Rxa8 27. Qxa8 g4 28.
hxg4 hxg4 29. Qd8 Qg5 30. Qe7 Kg6 31. Bc3 Nh7 32. Qe8 Nf6 33.
Qe5 Nd7 34. Qg3 Nf6 35. Bd1 Kh6 36. Kf1 Kg6 37. Ke1 Qh5 38.
Kd2 Qg5 39. Kc2 Qf5 40. Kd2 Qg5 41. Be2 Kh6 42. Kc2 Kg6 43. Bd2 Kh6 44. Kc1 Kg6 45. Bd1 Kh6 46. Be2 Kg6 47.
Kd1 Kh6 48. Ke1 Kg6 49. Bc3 Kh6 50. Kf1 Kg6 51. Kg1 Kh6 52. Bd1 Kg6 53.
Qe5 Nd7 54. Qh8 Nf6 55. Kh2 Nh5 56. Qg8+ Ng7 57. g3 Qf5 58. Kg1 Qd7 59. Qa8 f5 60. Bb3 Qxb5 61. Bxd5 Qd3 62. Qc6+ Kh7 63. Bf7 Qd1+ 64.
Kh2 1-0

[Event "XXII Rochefort Chess Masters"]
[Site "ROCHEFORT, France"]
[Date "2024.02.20"]
[Round "5.3"]
[White "Droin, Augustin"]
[Black "Mullon, Jean-Baptiste"]
[Result "1-0"]
[TimeControl "1h30/40 - 30' + [30'']"]
[WhiteElo "2471"]
[BlackElo "2304"]

1. e4 c5 2. Nf3 Nc6 3. Bb5 g6 4. O-O Bg7 5. c3 d6 6. d4 Bd7 7. dxc5 dxc5 8. Re1 a6 9. Bf1 Nf6 10. e5 Ng4 11. Bf4 h5 12. h3 Nh6 13. Nbd2 Bf5 14. Qe2 Qc8 15. Nc4 Ra7 16. Qe3 Nd8 17.
a4 Ne6 18. Nb6 Qc6 19. a5 Nxf4 20. Qxf4 Be6 21. Ng5 O-O 22. Nxe6 Qxe6 23. Bc4 Qf5 24. Qe3 Kh7 25.
Qxc5 f6 26. Nd7 Qxd7 27. Qxa7 Qc6 28. Bd3 fxe5 29. Qb6 Qxb6 30. axb6 Rf6 31. Rxe5 Rd6 32. Re3 Bf6 33. Ra5 Rxb6 34. Rxh5 Kg7 35. Rg3 g5 36. f4 Nf7 37. fxg5 Be5 38. Rf3 1-0

[Event "XXII Rochefort Chess Masters"]
[Site "ROCHEFORT, France"]
[Date "2024.02.20"]
[Round "6.1"]
[White "Romanov, Evgeny"]
[Black "Droin, Augustin"]
[Result "1/2-1/2"]
[TimeControl "1h30/40 - 30' + [30'']"]
[WhiteElo "2593"]
[BlackElo "2471"]

1. c4 Nf6 2. Nf3 e6 3. g3 d5 4. Bg2 d4 5. d3 Be7 6.
O-O O-O 7. e4 Nc6 8. e5 Nd7 9. Qe2 a5 10. h4 Rb8 11.
Bf4 Nc5 12. Na3 Nb4 13. Nb5 Nbxd3 14. Bd2 Bd7 15. Nbxd4 Nxb2 16. Bxa5 Ra8 17. Nb3 Nba4 18. Bd2 Bc6 19. Be3 Qd3 20. Qxd3 Nxd3 21.
Rfd1 Rfd8 22. Bd4 Nb4 23. Rd2 Nb6 24. Bxb6 cxb6 25.
Rxd8+ Rxd8 26. Nfd4 Bxg2 27. Kxg2 Rc8 28. Nd2 Ra8 29. a4 Nd3 30. f4 Nc5 31. Kf3 Kf8 32. Ne4 Rxa4 33. Rxa4 Nxa4 34. Nb5 f6 35. h5 fxe5 36. fxe5 h6 37. Ned6 Bxd6 38. Nxd6 Nc5 39. g4 Ke7 40. Ke3 1/2-1/2

[Event "XXII Rochefort Chess Masters"]
[Site "ROCHEFORT, France"]
[Date "2024.02.20"]
[Round "6.5"]
[White "Colin, Vincent"]
[Black "Terrieux, Kevin"]
[Result "1/2-1/2"]
[TimeControl "1h30/40 - 30' + [30'']"]
[WhiteElo "2313"]
[BlackElo "2420"]

1. e4 c5 2. Nf3 Nc6 3. d4 cxd4 4. Nxd4 Qb6 5.
Nb3 Nf6 6. Nc3 e6 7. g4 d5 8. Be3 Qd8 9. g5 Nxe4 10. Nxe4 dxe4 11. Qxd8+ Kxd8 12. O-O-O+ Kc7 13. Bg2 e5 14. Bxe4 f5 15. gxf6 gxf6 16. Rhg1 Be6 17. Nc5 Bxc5 18. Bxc5 Rag8 19. Bxc6 Rxg1 20. Rxg1 Kxc6 21. Be7 f5 22. Bf6 Rg8 23. Rxg8 Bxg8 24. Bxe5 Kd5 25. Bb8 a6 26. f3 Kc5 27. Ba7+ b6 28. Kd2 Kc6 29. Bb8 b5 30. a3 a5 31. Ke3 Bd5 32. Kf4 h5 33. b3 a4 34. bxa4 bxa4 35. c4 Bxc4 36. Kxf5 Kd7 37. Bg3 Ke8 38. Kg6 Bf7+ 39. Kg7 Bd5 40. f4 Be6 41. Bh4 Bf7 42. f5 Bc4 43.
Be1 Bf7 44. Bb4 Bc4 45. Kg6 Bf7+ 46. Kg5 Kd7 1/2-1/2

[Event "XXII Rochefort Chess Masters"]
[Site "ROCHEFORT, France"]
[Date "2024.02.20"]
[Round "6.4"]
[White "Dalaud, Dorian"]
[Black "Roshka, Yevgeniy"]
[Result "1/2-1/2"]
[TimeControl "1h30/40 - 30' + [30'']"]
[WhiteElo "2332"]
[BlackElo "2474"]

1. e4 g6 2. d4 Bg7 3.
Nc3 d6 4. Be3 a6 5. h4 h6 6. h5 g5 7. f4 gxf4 8. Bxf4 Nd7 9. Nf3 c5 10. d5 b5 11. Qd2 Ngf6 12. Qe2 Ng4 13. Nd1 Qa5+ 14. Qd2 Qa4 15. Qe2 Nde5 16. c3 f5 17. Nxe5 Nxe5 18. Nf2 Rf8 19. b3 Qa5 20. Bd2 c4 21. b4 Qa3 22. Qe3 f4 23. Qb6 Nd7 24. Qa5 Qxa5 25. bxa5 Nc5 26. Be2 e6 27. O-O-O Na4 28. dxe6 Bxc3 29. Bg4 Ke7 30. Nh3 Bxd2+ 31. Rxd2 Nc5 32. Rf1 Bxe6 33. Nxf4 Kd7 34. Bxe6+ Nxe6 35. g3 Nc5 36. Re1 Kc6 37. e5 dxe5 38. Rxe5 Rae8 39. Rxe8 Rxe8 40. Kc2 Re3 41. Nd5 Rxg3 42. Nb4+ Kb7 43. Rd6 Rg2+ 44. Kc1 Nd3+ 45. Nxd3 cxd3 46. a3 Rc2+ 47. Kd1 Rc6 48.
Rd7+ Rc7 49. Rd6 Rc6 50. Rd7+ Rc7 51. Rd6 Rc6 1/2-1/2

[Event "XXII Rochefort Chess Masters"]
[Site "ROCHEFORT, France"]
[Date "2024.02.20"]
[Round "6.3"]
[White "Boyer, Mahel"]
[Black "Laurent-Paoli, Pierre"]
[Result "1/2-1/2"]
[TimeControl "1h30/40 - 30' + [30'']"]
[WhiteElo "2418"]
[BlackElo "2537"]

1. e4 c6 2. Nf3 d5 3. e5 Bf5 4.
Be2 e6 5. d4 c5 6. c3 Nc6 7. O-O Bg4 8. Be3 cxd4 9. cxd4 Nge7 10. Nbd2 Nf5 11. Bb5 Be7 12.
Rc1 O-O 13. Bxc6 bxc6 14. Rxc6 Qa5 15. a4 Nxe3 16. fxe3 Bf5 17. b3 Rac8 18. Qc1 Ba3 19. Rxc8 Bxc1 20. Rfxc1 g5 21. R1c5 Qa6 22. Rxf8+ Kxf8 23. Nxg5 Qd3 24.
Ngf3 Qxe3+ 25. Kh1 Kg7 26. h3 a6 27. Rc6 Qe2 28. Kh2 Be4 29. Kg3 h6 30. Rc7 Qd3 31. Rc6 Qe2 32. Rc3 Kf8 33.
Rc7 Ke8 34. Rb7 Bg6 35. Ra7 Kd8 36. Rb7 Kc8 37. Re7 Kb8 38. h4 Qe3 39. Rd7 a5 40. Rd8+ Kc7 41. Ra8 Qc3 42. Rh8 h5 43. Kf4 Qb4 44. g4 hxg4 45. Kxg4 Qe7 46. h5 Bf5+ 47. Kg3 f6 48.
exf6 Qxf6 49. Rg8 Bh7 50. Rg4 Bc2 51. Ne5 Qh6 52. Ndf3 Bd1 53. Rg5 Kb7 54. Ng4 Qf8 55. Nfe5 Qf1 56. Rg7+ Ka6 57. h6 Qe1+ 58. Kg2 Bc2 59. Nf2 Be4+ 60. Nxe4 dxe4
61. h7 Qd2+ 62. Kg3 Qe3+ 63. Kg2 Qd2+ 64. Kg3 Qe3+ 65. Kg2 Qd2+ 1/2-1/2